[Event "ICCopen2017"]
[Site "Internet Chess Club"]
[Date "2017.03.25"]
[Round "4"]
[White "UnderArmour"]
[Black "canary2016"]
[Result "1-0"]
[ICCResult "Black checkmated"]
[WhiteElo "1963"]
[BlackElo "1129"]
[Opening "Caro-Kann: advance variation"]
[ECO "B12"]
[NIC "CK.04"]
[Time "14:39:47"]
[TimeControl "180+0"]

1. e4 c6 2. d4 d5 3. e5 Bf5 4. h4 h6 5. g4 Bh7 6. Bd3 Bxd3 7. Qxd3 e6 8. Ne2
Ne7 9. h5 Nd7 10. Be3 Rc8 11. f4 c5 12. c3 cxd4 13. cxd4 a6 14. Nbc3 Qb6 15.
O-O Qxb2 16. Rab1 Qa3 17. Rxb7 Qa5 18. f5 Nc6 19. fxe6 fxe6 20. Qg6+ Kd8 21.
Qxe6 Rc7 22. Rxc7 Qxc7 23. Nxd5 Qc8 24. Rc1 Ndb8 25. Qf7 Qxg4+ 26. Kf1 Qh3+
27. Ke1 Qxe3 28. Nxe3 Bb4+ 29. Kd1 Rf8 30. Qxg7 a5 31. Qxh6 Rg8 32. Rxc6
Nxc6 33. Qxc6 Rf8 34. Nd5 Ba3 35. Qc7+ Ke8 36. Nf6+ Rxf6 37. exf6 a4 38. Nf4
Bb4 39. f7+ Kf8 40. Ne6# {Black checkmated} 1-0

[Event "ICCopen2017"]
[Site "Internet Chess Club"]
[Date "2017.03.25"]
[Round "4"]
[White "Mercury"]
[Black "JESSEJOSE"]
[Result "1-0"]
[ICCResult "Black resigns"]
[WhiteElo "2129"]
[BlackElo "1604"]
[Opening "Scandinavian (center counter) defense"]
[ECO "B01"]
[NIC "VO.17"]
[Time "14:38:43"]
[TimeControl "180+0"]

1. e4 d5 2. exd5 Qxd5 3. Nf3 Nf6 4. d4 Bf5 5. Be2 c6 6. O-O e6 7. c4 Qd8 8.
Nc3 Nbd7 9. h3 Bb4 10. Be3 O-O 11. Qb3 Bxc3 12. bxc3 b6 13. a4 Qc7 14. a5 c5
15. Nd2 cxd4 16. cxd4 Rac8 17. axb6 axb6 18. Bf3 e5 19. d5 e4 20. Be2 Nc5
21. Qb5 Bd7 22. Qb4 Ra8 23. Rfb1 Rxa1 24. Rxa1 Rb8 25. Rb1 Nd3 26. Bxd3 exd3
27. d6 Qc6 28. Bxb6 Ne4 29. c5 Nxd2 30. Qxd2 Bf5 31. Re1 Be4 32. Qf4 Bxg2
33. d7 Bh1 34. Qxb8+ {Black resigns} 1-0

[Event "ICCopen2017"]
[Site "Internet Chess Club"]
[Date "2017.03.25"]
[Round "4"]
[White "ivancele"]
[Black "Soulbrother"]
[Result "0-1"]
[ICCResult "White forfeits on time"]
[WhiteElo "1428"]
[BlackElo "1420"]
[Opening "Old Indian defense"]
[ECO "A42"]
[NIC "OI.07"]
[Time "14:39:40"]
[TimeControl "180+0"]

1. d4 d6 2. c4 e6 3. Nc3 Be7 4. e4 Nf6 5. f4 O-O 6. Nf3 Nbd7 7. Bd3 a6 8. a4
e5 9. fxe5 dxe5 10. d5 Bc5 11. Qe2 Ng4 12. h3 Nf2 13. Rf1 Nxd3+ 14. Qxd3 Qe7
15. Bd2 Nf6 16. b3 Ne8 17. Be3 Bb4 18. Rc1 Nd6 19. Kf2 f5 20. Kg1 f4 21. Bf2
Nf7 22. Kh2 Ng5 23. Be1 Bc5 24. Rc2 Bd4 25. Ne2 Be3 26. Bf2 Bxf2 27. Rxf2
Nxf3+ 28. Qxf3 Bd7 {White forfeits on time} 0-1

[Event "ICCopen2017"]
[Site "Internet Chess Club"]
[Date "2017.03.25"]
[Round "4"]
[White "blackjack721"]
[Black "grels"]
[Result "0-1"]
[ICCResult "White forfeits on time"]
[WhiteElo "1329"]
[BlackElo "1735"]
[Opening "French defense"]
[ECO "C00"]
[NIC "FR.01"]
[Time "14:38:42"]
[TimeControl "180+0"]

1. e4 e6 2. Nf3 d5 3. e5 c5 4. d3 Nc6 5. c3 Nge7 6. Bg5 Qc7 7. Na3 Nxe5 8.
Nb5 Nxf3+ 9. Qxf3 Qb6 10. d4 Bd7 11. a4 a6 12. dxc5 Qxc5 13. Nd4 Ng6 14. Bd3
Ne5 15. Qg3 Nxd3+ 16. Qxd3 Qc4 17. Qe3 h6 18. b3 Qc7 19. Bh4 Bd6 20. O-O-O
O-O 21. Rd3 Bf4 22. Qxf4 Qxf4+ 23. Kb2 Qxh4 24. g3 Qf6 25. f4 e5 26. fxe5
Qxe5 27. Rhd1 Bc6 28. Nxc6 bxc6 29. Ka3 Rfe8 30. Rd4 Qd6+ 31. b4 Re2 32. Kb3
Rb8 33. R1d3 a5 34. b5 cxb5 35. Rxd5 bxa4+ 36. Kc4 Qe6 37. Kc5 Rc8+ 38. Kb5
Rb2+ 39. Kxa4 Qc6+ {White forfeits on time} 0-1

[Event "ICCopen2017"]
[Site "Internet Chess Club"]
[Date "2017.03.25"]
[Round "4"]
[White "PazificDreams"]
[Black "Zelos"]
[Result "0-1"]
[ICCResult "White checkmated"]
[WhiteElo "2673"]
[BlackElo "2438"]
[Opening "QGD Slav: 4.e3"]
[ECO "D11"]
[NIC "QP.06"]
[Time "14:39:03"]
[TimeControl "180+0"]

1. d4 Nf6 2. Nf3 d5 3. c4 c6 4. e3 Bg4 5. h3 Bh5 6. Nc3 e6 7. b3 Nbd7 8. Be2
Bb4 9. Bd2 O-O 10. O-O Bd6 11. Qc2 Bg6 12. Bd3 Bxd3 13. Qxd3 a6 14. Rfd1 h6
15. Rab1 Bb4 16. Nxd5 exd5 17. Bxb4 Re8 18. cxd5 Nxd5 19. Bd2 Qe7 20. Re1
N5f6 21. Bc3 Ne4 22. Rbc1 a5 23. Qc2 a4 24. Bb2 axb3 25. Qxb3 Ra7 26. a3 Ra6
27. Qc2 Rea8 28. Red1 Ndf6 29. Ne5 Nd6 30. Qb3 Ra5 31. Ra1 Rb5 32. Qc2 Nd7
33. Nxd7 Qxd7 34. Bc3 Rg5 35. Kh2 Re8 36. Bb4 Ne4 37. Be1 Qc7+ 38. Kh1 Rg6
39. Rab1 Qd7 40. Rb3 Ree6 41. Rdb1 b5 42. a4 bxa4 43. Rb8+ Kh7 44. f3 Ng5
45. f4 Nxh3 46. f5 Qd5 47. fxe6 Qh5 48. exf7 Nf2+ 49. Kg1 Qh1+ 50. Kxf2
Qxg2# {White checkmated} 0-1

[Event "ICCopen2017"]
[Site "Internet Chess Club"]
[Date "2017.03.25"]
[Round "4"]
[White "Datwinnik"]
[Black "ehkopean"]
[Result "0-1"]
[ICCResult "White forfeits on time"]
[WhiteElo "1365"]
[BlackElo "1749"]
[Opening "Sicilian: Anderssen variation"]
[ECO "B41"]
[NIC "SI.41"]
[Time "14:39:13"]
[TimeControl "180+0"]

1. e4 c5 2. Nf3 e6 3. d4 cxd4 4. Nxd4 Nf6 5. Nc3 Nc6 6. Be3 Bb4 7. Bd3 d5 8.
Nxc6 bxc6 9. e5 Nd7 10. f4 Nb6 11. O-O d4 12. Qf3 dxe3 13. Qxc6+ Bd7 14. Qe4
Rc8 15. Rad1 Bc6 16. Bb5 Qc7 17. Qxb4 Nd5 18. Nxd5 exd5 19. Rxd5 e2 20. Re1
Qb6+ 21. Kh1 a5 22. Bxc6+ Qxc6 23. Qxa5 O-O 24. Qd2 Qxc2 25. Rxe2 Qxd2 26.
Rexd2 Rc1+ 27. Rd1 Rc2 28. R5d2 Rxd2 29. Rxd2 Rc8 30. Kg1 Kf8 31. Kf2 Ke7
32. b3 f6 33. exf6+ Kxf6 34. Rb2 Kf5 35. g3 g5 36. a4 gxf4 37. gxf4 Kxf4 38.
a5 Rc5 39. b4 Rh5 40. Kg2 Rg5+ 41. Kf2 Rh5 42. Kg1 Rg5+ 43. Kf1 Rd5 44. b5
Rd1+ {White forfeits on time} 0-1

[Event "ICCopen2017"]
[Site "Internet Chess Club"]
[Date "2017.03.25"]
[Round "4"]
[White "Werewolf"]
[Black "MAU"]
[Result "1-0"]
[ICCResult "Black checkmated"]
[WhiteElo "2167"]
[BlackElo "1763"]
[Opening "French: Tarrasch, closed variation"]
[ECO "C05"]
[NIC "FR.17"]
[Time "14:39:59"]
[TimeControl "180+0"]

1. e4 e6 2. d4 d5 3. Nd2 Nf6 4. e5 Nfd7 5. Bd3 c5 6. c3 Nc6 7. Ne2 a6 8. f4
g6 9. Nf3 h6 10. Be3 c4 11. Bc2 b5 12. Qb1 a5 13. Bxg6 Bg7 14. O-O fxg6 15.
Qxg6+ Kf8 16. Qxe6 Ne7 17. Ng5 Qe8 18. Qd6 Ra6 19. Qa3 hxg5 20. fxg5+ Kg8
21. Ng3 Nf8 22. Rf6 Bxf6 23. gxf6 Neg6 24. Rf1 Qf7 25. Qc5 Nd7 26. Qxc8+ Kh7
27. Qxa6 Ngf8 28. Qxb5 Ne6 29. Qxd5 Rg8 30. Rf5 Nb6 31. Qe4 Qg6 32. Rh5#
{Black checkmated}
1-0

[Event "ICCopen2017"]
[Site "Internet Chess Club"]
[Date "2017.03.25"]
[Round "4"]
[White "pagoda"]
[Black "dani123xx"]
[Result "1-0"]
[ICCResult "Black forfeits on time"]
[WhiteElo "1814"]
[BlackElo "1513"]
[Opening "Sicilian: closed"]
[ECO "B23"]
[NIC "SI.44"]
[Time "14:39:31"]
[TimeControl "180+0"]

1. Nc3 c5 2. e4 g6 3. d4 cxd4 4. Qxd4 Nf6 5. e5 Nc6 6. Qf4 Nh5 7. Qe3 Qa5 8.
f4 e6 9. Bd2 Bc5 10. Qe2 Nd4 11. Qd3 Qd8 12. Ne4 Bb6 13. Nd6+ Kf8 14. O-O-O
{Black forfeits on time}
1-0

[Event "ICCopen2017"]
[Site "Internet Chess Club"]
[Date "2017.03.25"]
[Round "4"]
[White "Zoogzwang"]
[Black "BurninggIce"]
[Result "0-1"]
[ICCResult "White resigns"]
[WhiteElo "2185"]
[BlackElo "1930"]
[Opening "two knights defense: Steinitz variation"]
[ECO "C59"]
[NIC "KP.01"]
[Time "14:40:15"]
[TimeControl "180+0"]

1. e4 e5 2. Nf3 Nc6 3. Bc4 Nf6 4. Ng5 d5 5. exd5 Na5 6. Bb5+ c6 7. dxc6 bxc6
8. Be2 h6 9. Nh3 Bc5 10. d3 O-O 11. O-O Bxh3 12. gxh3 Nd5 13. Nc3 Nf4 14.
Bxf4 exf4 15. Bf3 Qh4 16. Bg2 Rab8 17. Rb1 Bd4 18. Qf3 Nb7 19. Ne2 Be5 20.
d4 Bd6 21. Qxc6 Rfc8 22. Qe4 Re8 23. Qd3 Bc7 24. Nc3 Nd6 25. b3 g6 26. Rbe1
Nf5 27. Nd5 Ba5 28. b4 Rxe1 29. Rxe1 Bxb4 30. Nxb4 Rxb4 31. d5 Rd4 32. Qf3
Rd2 33. c4 Nd4 34. Qe4 Qxf2+ 35. Kh1 f3 36. Qe8+ Kg7 37. Qe5+ Kh7
{White resigns}
0-1

[Event "ICCopen2017"]
[Site "Internet Chess Club"]
[Date "2017.03.25"]
[Round "4"]
[White "GulkovIgor"]
[Black "Sibelephant"]
[Result "0-1"]
[ICCResult "White resigns"]
[WhiteElo "2374"]
[BlackElo "3059"]
[Opening "QGD Slav: 4.Nc3"]
[ECO "D15"]
[NIC "SL.03"]
[Time "14:40:49"]
[TimeControl "180+0"]

1. Nf3 d5 2. d4 Nf6 3. c4 c6 4. Nc3 a6 5. a4 e6 6. Bg5 a5 7. e3 Be7 8. Be2
Na6 9. O-O O-O 10. Qb3 Nb4 11. Na2 Nxa2 12. Qxa2 Ne4 13. Bxe7 Qxe7 14. Rac1
Bd7 15. Qb3 Rfb8 16. Rfd1 Be8 17. cxd5 exd5 18. Ne5 f6 19. Nd3 Bf7 20. Qa3
Re8 21. Qxe7 Rxe7 22. Nc5 Nd6 23. Bd3 Bh5 24. Rd2 f5 25. Bf1 g5 26. Nd3 Bg6
27. Ne5 f4 28. exf4 gxf4 29. f3 Kg7 30. Kf2 Nf5 31. Bd3 Nxd4 32. Bxg6 Nb3
{White resigns}
0-1

[Event "ICCopen2017"]
[Site "Internet Chess Club"]
[Date "2017.03.25"]
[Round "4"]
[White "manitodeplomo"]
[Black "alejandrorios"]
[Result "1-0"]
[ICCResult "Black resigns"]
[WhiteElo "2485"]
[BlackElo "1950"]
[Opening "English opening"]
[ECO "A30"]
[NIC "EO.64"]
[Time "14:39:47"]
[TimeControl "180+0"]

1. c4 Nf6 2. Nf3 c5 3. g3 Nc6 4. Bg2 d6 5. Nc3 g6 6. a3 Bg7 7. b4 O-O 8. O-O
cxb4 9. axb4 Nxb4 10. Ba3 Nc6 11. Qa4 Bd7 12. Rfb1 b6 13. Qd1 Na5 14. d3 Bc6
15. Bb4 Nd7 16. Bxa5 bxa5 17. Qd2 Nc5 18. d4 Ne4 19. Nxe4 Bxe4 20. Rc1 Qb6
21. Rxa5 Rac8 22. c5 dxc5 23. Raxc5 Rxc5 24. dxc5 Qc7 25. c6 a5 26. Ng5 Bxg2
27. Kxg2 Bh6 28. h4 Rd8 29. Qf4 Qxf4 30. gxf4 Bxg5 31. hxg5 Rc8 32. Kf3 a4
33. Ke4 a3 34. Kd5 Kf8 35. c7 Ke8 36. Kc6 a2 37. Kb7 {Black resigns} 1-0

[Event "ICCopen2017"]
[Site "Internet Chess Club"]
[Date "2017.03.25"]
[Round "4"]
[White "alexander77"]
[Black "KoolMan"]
[Result "0-1"]
[ICCResult "White forfeits on time"]
[WhiteElo "1771"]
[BlackElo "2050"]
[Opening "Vienna: `Frankenstein-Dracula' variation"]
[ECO "C27"]
[NIC "VG.02"]
[Time "14:38:54"]
[TimeControl "180+0"]

1. e4 e5 2. Nc3 Nf6 3. Bc4 Nxe4 4. Qh5 Nd6 5. Bb3 Nc6 6. Nb5 g6 7. Qf3 f5 8.
Qd5 Qe7 9. Nxc7+ Kd8 10. Nxa8 b6 11. d3 Bb7 12. h4 h6 13. Nxb6 axb6 14. Qf3
Nd4 15. Qg3 e4 16. Be3 exd3 17. cxd3 Bg7 18. Qxg6 f4 19. Ne2 fxe3 20. f3
Nxe2 21. Kxe2 Bxb2 22. Rab1 Bd4 23. Rhc1 Rf8 24. Qg4 Nf5 25. h5 Bc5 26. Rc4
d5 27. Rf4 Bc8 28. Qg6 Nd4+ 29. Rxd4 Bxd4 30. Bxd5 Qf6 31. Qe4 Qe5 32. Qxe5
Bxe5 33. Rxb6 Bd4 34. Re6 Bxe6 35. Bxe6 Ke7 36. g4 Kxe6 37. a4 Rb8 38. a5
Rb2+ 39. Ke1 e2 40. f4 Bc3+ {White forfeits on time} 0-1

[Event "ICCopen2017"]
[Site "Internet Chess Club"]
[Date "2017.03.25"]
[Round "4"]
[White "Sertoespj"]
[Black "Brothersinarms"]
[Result "0-1"]
[ICCResult "White resigns"]
[WhiteElo "2275"]
[BlackElo "1836"]
[Opening "Queen's pawn: Charlick (Englund) gambit"]
[ECO "A40"]
[NIC "QO.17"]
[Time "14:40:20"]
[TimeControl "180+0"]

1. d4 e5 2. d5 f5 3. c4 Nf6 4. Nc3 Bc5 5. e3 O-O 6. Nf3 f4 7. e4 Ng4 8. Na4
Bxf2+ 9. Ke2 Qe8 10. h3 Ne3 11. Bxe3 fxe3 12. Kd3 d6 13. Be2 b5 14. Nc3
bxc4+ 15. Kc2 Bd7 16. Bxc4 a6 17. Qe2 c6 18. dxc6+ Be6 19. c7 Nd7 20. Nd5
Rc8 21. Rac1 Bxd5 22. Bxd5+ Kh8 23. Kb1 Nc5 24. b4 Rxc7 25. bxc5 dxc5 26.
Rhd1 Qa4 27. Rc4 Rb8+ 28. Ka1 Qa3 29. Nxe5 Bg3 30. Nf7+ Rxf7 31. e5 Bxe5+
{White resigns}
0-1

[Event "ICCopen2017"]
[Site "Internet Chess Club"]
[Date "2017.03.25"]
[Round "4"]
[White "Mormegil"]
[Black "crd"]
[Result "1-0"]
[ICCResult "Black checkmated"]
[WhiteElo "1748"]
[BlackElo "1172"]
[Opening "Réti accepted"]
[ECO "D26"]
[NIC "RE.19"]
[Time "14:40:06"]
[TimeControl "180+0"]

1. Nf3 d5 2. c4 dxc4 3. e3 e6 4. Bxc4 Nf6 5. d4 Bb4+ 6. Nc3 O-O 7. O-O a6 8.
a3 Be7 9. Ne5 Nbd7 10. f4 Nb6 11. Bd3 Nbd5 12. Rf3 h6 13. Bb1 Bd6 14. Qc2
Ne7 15. Ng4 Nf5 16. Ne5 b5 17. g4 Bb7 18. Rh3 Ne7 19. g5 hxg5 20. fxg5 Nf5
21. gxf6 Qxf6 22. e4 Nxd4 23. Ng4 Qg6 24. Qg2 Nb3 25. Bh6 gxh6 26. Rxh6 Qg7
27. Nf6# {Black checkmated} 1-0

[Event "ICCopen2017"]
[Site "Internet Chess Club"]
[Date "2017.03.25"]
[Round "4"]
[White "HEM"]
[Black "marjose"]
[Result "0-1"]
[ICCResult "White forfeits on time"]
[WhiteElo "1489"]
[BlackElo "1773"]
[Opening "Dutch, Korchnoi attack"]
[ECO "A80"]
[NIC "HD.12"]
[Time "14:39:03"]
[TimeControl "180+0"]

1. d4 f5 2. h3 e6 3. g4 d5 4. Nc3 c6 5. Bf4 Bd6 6. Qd2 Nf6 7. Nf3 Ne4 8.
Nxe4 fxe4 9. Ne5 O-O 10. O-O-O Qf6 11. Bg3 a5 12. Bg2 Na6 13. f3 exf3 14.
Bxf3 c5 15. Rhf1 Qe7 16. Bg2 cxd4 17. Rxf8+ Qxf8 18. Rf1 Qe7 19. Rf7 Qxf7
20. Nxf7 Bxg3 21. Ng5 e5 22. Bxd5+ Kf8 23. Qd3 Bf4+ 24. Kb1 Bxg5 25. Qxh7
Bf6 26. Qg6 Ke7 27. Qf7+ Kd6 28. Bb3 Bd7 29. Qd5+ Kc7 30. Qxa5+ Kc8 31. Qd5
Bc6 32. Qg8+ Kc7 {White forfeits on time} 0-1

[Event "ICCopen2017"]
[Site "Internet Chess Club"]
[Date "2017.03.25"]
[Round "4"]
[White "tdimarco"]
[Black "onti"]
[Result "1/2-1/2"]
[ICCResult "Game drawn because neither player has mating material"]
[WhiteElo "1231"]
[BlackElo "1314"]
[Opening "Philidor's defense"]
[ECO "C41"]
[NIC "KP.10"]
[Time "14:39:16"]
[TimeControl "180+0"]

1. e4 e5 2. Nf3 d6 3. Nc3 Be6 4. d4 exd4 5. Nxd4 Qd7 6. Be2 c6 7. O-O Be7 8.
Nxe6 Qxe6 9. f3 Qd7 10. Bf4 Nf6 11. Qd2 Nh5 12. Rad1 Nxf4 13. Qxf4 O-O 14.
Bc4 a5 15. Rfe1 b5 16. Bf1 Qe6 17. Qf5 Qxf5 18. exf5 d5 19. Rxe7 Na6 20. a3
b4 21. Na2 Nc5 22. Rc7 b3 23. cxb3 Nxb3 24. Rxc6 Rac8 25. Rxc8 Rxc8 26. g3
f6 27. Rxd5 Rc2 28. Rd8+ Kf7 29. Rb8 Rxb2 30. Nc3 Ke7 31. Bc4 a4 32. Nxa4
Rb1+ 33. Kg2 Nd2 34. Rxb1 Nxb1 35. Nb2 Nxa3 36. h4 Kd6 37. Bg8 h6 38. g4 Ke5
39. Kf2 Kd4 40. Nd1 Nc2 41. Bb3 Nb4 42. Ne3 Nd3+ 43. Ke2 Nc1+ 44. Kd2 Nxb3+
45. Ke2 Nc1+ 46. Kf2 Kd3 47. Ng2 Kd2 48. f4 Nd3+ 49. Kf3 Ne1+ 50. Nxe1 Kxe1
51. Ke4 Kf2 52. Kd5 Kg3 53. Ke6 Kxg4 54. Kf7 Kxf5 55. Kxg7 h5 56. Kh6 Kxf4
57. Kxh5 Kg3 58. Kg6 Kxh4 59. Kxf6
{Game drawn because neither player has mating material}
1/2-1/2

[Event "ICCopen2017"]
[Site "Internet Chess Club"]
[Date "2017.03.25"]
[Round "4"]
[White "tigerr"]
[Black "parisian"]
[Result "1-0"]
[ICCResult "Black forfeits on time"]
[WhiteElo "1789"]
[BlackElo "1758"]
[Opening "Ruy Lopez: closed, anti-Marshall 8.a4"]
[ECO "C88"]
[NIC "RL.18"]
[Time "14:39:35"]
[TimeControl "180+0"]

1. e4 e5 2. Nf3 Nc6 3. Bb5 a6 4. Ba4 Nf6 5. O-O Be7 6. Re1 b5 7. Bb3 O-O 8.
a4 b4 9. d4 d6 10. dxe5 dxe5 11. Nbd2 Nd7 12. Nc4 Bf6 13. Ne3 Nd4 14. Nxd4
exd4 15. Nd5 c5 16. Bf4 Be5 17. Qf3 Bb7 18. Rad1 Re8 19. c3 Bxd5 20. Bxd5
Rc8 21. cxd4 cxd4 22. Bxe5 Nxe5 23. Qg3 d3 24. f4 Qb6+ 25. Kh1 Ng6 26. Rxd3
Rc2 27. b3 Qc7 28. e5 Rc1 29. Re3 Rxe1+ 30. Rxe1 Kf8 31. Bc4 f6 32. h4 fxe5
33. f5 Nf4 34. f6 gxf6 35. Qg8+ Ke7 36. Qg7+ Kd8 37. Qxf6+
{Black forfeits on time}
1-0

[Event "ICCopen2017"]
[Site "Internet Chess Club"]
[Date "2017.03.25"]
[Round "4"]
[White "jefferyx"]
[Black "ASidorov"]
[Result "1-0"]
[ICCResult "Black forfeits on time"]
[WhiteElo "2697"]
[BlackElo "2349"]
[Opening "Queen's pawn: London system"]
[ECO "A45"]
[NIC "QP.07"]
[Time "14:38:51"]
[TimeControl "180+0"]

1. d4 Nf6 2. Bf4 g6 3. Nc3 Bg7 4. e4 d6 5. Qd2 O-O 6. Bh6 Nc6 7. O-O-O e5 8.
Bxg7 Kxg7 9. d5 Nd4 10. f3 c6 11. Nge2 Nxe2+ 12. Bxe2 c5 13. h4 Nh5 14. g4
Nf4 15. Bf1 h6 16. Ne2 Nxe2+ 17. Bxe2 Qf6 18. g5 Qf4 19. Qxf4 exf4 20. Kd2
Bd7 21. Rdg1 h5 22. Rb1 a5 23. c4 Rfb8 24. Rhc1 b5 25. cxb5 Bxb5 26. Bxb5
Rxb5 27. Rc4 a4 28. Kc3 f6 29. Rg1 fxg5 30. Rxg5 Kf6 31. Rg2 Ra7 32. Kd3 Ra8
33. Kc2 Rab8 34. Kc1 Rb4 35. Rc3 Rd4 36. Rg1 Rdb4 37. Rc2 c4 38. Rcg2 Rg8
39. Kc2 a3 40. bxa3 Ra4 41. Kb2 Rb8+ 42. Ka1 Rg8 43. Kb2 Rb8+ 44. Kc2 Rg8
45. Kc3 Rxa3+ 46. Kxc4 Rxf3 47. Kb5 Re3 48. Kc6 Rxe4 49. Kxd6 f3 50. Rf2 Rf4
51. Rg3 Rd8+ 52. Kc5 Rf5 53. Rfxf3 Rxd5+ 54. Kc4 Rxf3 55. Rxf3+ Rf5 56. Rd3
g5 57. Rd6+ Ke5 58. Rd5+ Kf4 59. Rd4+ Ke5 60. Rd5+ {Black forfeits on time}
1-0

[Event "ICCopen2017"]
[Site "Internet Chess Club"]
[Date "2017.03.25"]
[Round "4"]
[White "schastlivchik"]
[Black "Cowboystiefel"]
[Result "0-1"]
[ICCResult "White forfeits on time"]
[WhiteElo "1799"]
[BlackElo "2122"]
[Opening "English: Bremen, Smyslov system"]
[ECO "A22"]
[NIC "EO.11"]
[Time "14:39:03"]
[TimeControl "180+0"]

1. c4 Nf6 2. Nc3 e5 3. g3 Bb4 4. Bg2 O-O 5. Qb3 Nc6 6. Nf3 e4 7. Ng5 Bxc3 8.
Qxc3 Re8 9. O-O d5 10. cxd5 Qxd5 11. d3 Qd4 12. Nxe4 Nxe4 13. Bxe4 Qxc3 14.
bxc3 Bh3 15. Re1 Rad8 16. Rb1 Na5 17. Bd2 b6 18. c4 Nxc4 19. Bf4 Nd6 20.
Bxd6 Rxd6 21. Rec1 c5 22. a4 h5 23. Bf3 h4 24. a5 hxg3 25. hxg3 Red8 26.
axb6 axb6 27. Rb5 Bd7 28. Rb2 Ba4 29. Ra2 Bc6 30. Bxc6 Rxc6 31. Rb2 Rb8 32.
Rb5 Kf8 33. Rc4 Ke7 34. d4 Kd6 35. dxc5+ Kd5 36. Rc1 Rbc8 37. Rcb1 bxc5 38.
Rc1 Kd6 39. Rc4 R8c7 40. e3 Kd5 41. Rc1 Ra7 42. Kg2 Ra2 43. Kf3 Ra4 44. g4
g6 45. Kg3 Ra2 46. Rc3 Ra4 47. Rc2 f5 48. gxf5 gxf5 49. Kf3 Ra1 50. Kf4 Rh1
51. Kxf5 Rh5+ 52. Kg4 Rh8 53. Kf3 Rg8 54. Ke2 Rf8 55. f3 Rh8 56. Kd3 Rh1 57.
e4+ Kd6 58. Ke3 Re1+ 59. Kf4 Rh1 60. Rc4 Rh4+ 61. Ke3 Rh8 62. e5+ Kd5 63.
Rc3 Rh3 {White forfeits on time} 0-1

[Event "ICCopen2017"]
[Site "Internet Chess Club"]
[Date "2017.03.25"]
[Round "4"]
[White "Barbos"]
[Black "searchforbobby1"]
[Result "1-0"]
[ICCResult "Black checkmated"]
[WhiteElo "2474"]
[BlackElo "1880"]
[Opening "Dutch defense"]
[ECO "A90"]
[NIC "HD.03"]
[Time "14:38:52"]
[TimeControl "180+0"]

1. d4 e6 2. c4 f5 3. g3 Nf6 4. Bg2 d5 5. Nf3 c6 6. O-O Bd6 7. b3 Qe7 8. Bb2
O-O 9. Qc1 b6 10. Ba3 Bb7 11. Bxd6 Qxd6 12. Nbd2 Nbd7 13. a4 a5 14. Qc2 Rfc8
15. Rfd1 Ne4 16. Qb2 Ba6 17. Rac1 Rab8 18. Ne1 h6 19. Ndf3 Kh7 20. Nd3 Ng5
21. Nfe5 Nxe5 22. Nxe5 Bb7 23. Qd2 Qe7 24. Qe3 Nf7 25. Nd3 Re8 26. h4 Rbc8
27. Nf4 Qd6 28. c5 bxc5 29. Rxc5 e5 30. dxe5 Nxe5 31. Qd4 Ra8 32. e4 fxe4
33. Bxe4+ Kg8 34. Bg2 Qf6 35. Rc3 Re7 36. Re3 Rae8 37. Qc5 Ng4 38. Rxe7 Rxe7
39. Qxa5 g5 40. hxg5 hxg5 41. Nd3 Re2 42. Qc5 Bc8 43. Bf1 Ra2 44. Re1 Bf5
45. Re2 Be4 46. Ne1 Ra1 47. Bg2 Bxg2 48. Kxg2 Ne5 49. Qd4 Rxe1 50. Rxe1 Qf3+
51. Kg1 Ng4 52. a5 Nf6 53. a6 Ne4 54. a7 Nxg3 55. a8=Q+ Kh7 56. Qb7+ Kg6 57.
Qbg7+ Kh5 58. Qh7# {Black checkmated} 1-0

[Event "ICCopen2017"]
[Site "Internet Chess Club"]
[Date "2017.03.25"]
[Round "4"]
[White "skewerd"]
[Black "RealContender"]
[Result "1-0"]
[ICCResult "Black checkmated"]
[WhiteElo "1869"]
[BlackElo "2109"]
[Opening "Sicilian: dragon variation"]
[ECO "B70"]
[NIC "SI.15"]
[Time "14:39:52"]
[TimeControl "180+0"]

1. e4 c5 2. Nf3 d6 3. d4 cxd4 4. Nxd4 Nf6 5. Nc3 g6 6. g3 Nc6 7. Nde2 Bg7 8.
Bg2 O-O 9. O-O Bg4 10. h3 Be6 11. b3 Rc8 12. Be3 a6 13. a4 Nd7 14. Qd2 Nc5
15. Rac1 Qd7 16. Kh2 Rfd8 17. Nd5 Bxd5 18. exd5 Nb8 19. Nd4 Qe8 20. a5 Nbd7
21. f4 Nf6 22. c4 Qd7 23. b4 Nce4 24. Qd3 Nc5 25. bxc5 dxc5 26. Nf3 e6 27.
Ne5 Qd6 28. Rfd1 exd5 29. cxd5 h5 30. Qc4 Bf8 31. Rb1 Qc7 32. Rb6 Nd7 33.
Nxd7 Rxd7 34. d6 Rxd6 35. Rxb7 Qd8 36. Qxf7+ Kh8 37. Qh7# {Black checkmated}
1-0

[Event "ICCopen2017"]
[Site "Internet Chess Club"]
[Date "2017.03.25"]
[Round "4"]
[White "ajam"]
[Black "ural"]
[Result "0-1"]
[ICCResult "White resigns"]
[WhiteElo "1887"]
[BlackElo "2395"]
[Opening "English: three knights system"]
[ECO "A27"]
[NIC "EO.21"]
[Time "14:40:52"]
[TimeControl "180+0"]

1. c4 e5 2. Nc3 Nc6 3. Nf3 Bb4 4. d4 exd4 5. Nxd4 Nf6 6. e3 O-O 7. Qc2 d5 8.
cxd5 Nxd5 9. Nxc6 bxc6 10. Bd2 Qf6 11. Ne4 Bxd2+ 12. Nxd2 Bf5 13. Qc1 Rfe8
14. a3 Nxe3 15. fxe3 Rxe3+ 16. Kd1 Rd8 17. Be2 Qg5 18. Rg1 Bg4 19. Bxg4
Qxg4+ 20. Kc2 Qg6+ 21. Kd1 Red3 22. Qc2 Qd6 23. Kc1 Rxd2 24. Qc3 Rd3 25. Qc2
Rd2 26. Qc3 Rd1+ 27. Kc2 Qg6+ 28. Kb3 R1d3 29. Rad1 Rxc3+ 30. bxc3 Rb8+
{White resigns}
0-1

[Event "ICCopen2017"]
[Site "Internet Chess Club"]
[Date "2017.03.25"]
[Round "4"]
[White "GranTorre"]
[Black "Shafkat"]
[Result "1-0"]
[ICCResult "Black forfeits on time"]
[WhiteElo "1800"]
[BlackElo "1499"]
[Opening "English opening"]
[ECO "A05"]
[NIC "QP.11"]
[Time "14:39:07"]
[TimeControl "180+0"]

1. Nf3 Nf6 2. c4 g6 3. Nc3 Bg7 4. e4 O-O 5. Be2 d6 6. O-O Re8 7. d4 e5 8.
dxe5 dxe5 9. Qxd8 Rxd8 10. Bg5 Re8 11. Nd5 Nxd5 12. cxd5 h6 13. Bh4 g5 14.
Bg3 f5 15. exf5 Bxf5 16. Bc4 Kh7 17. Rfd1 Nd7 18. Bb5 a6 19. Ba4 b5 20. Bb3
Rac8 21. Rac1 Nb6 22. Rc6 e4 23. Nd4 Bg4 24. Rd2 Nc4 25. Bxc4 bxc4 26. Rxc7
Rxc7 27. Bxc7 e3 28. fxe3 Rxe3 29. h3 Bd7 30. Kf2 Re4 31. Nf3 g4 32. hxg4
Bxg4 33. d6 Bd7 34. Ba5 Re6 35. Bc3 Bxc3 36. bxc3 Kg6 37. Rd4 Kf5 38. g4+
Kg6 39. Kg3 Re3 40. Kf4 Re2 41. Ne5+ Kf6 42. Nxd7+ Ke6 43. Nc5+ Kf7 44. d7
Rf2+ 45. Ke3 Rf1 46. d8=Q Re1+ 47. Kd2 Re7 48. Rd7 {Black forfeits on time}
1-0

[Event "ICCopen2017"]
[Site "Internet Chess Club"]
[Date "2017.03.25"]
[Round "4"]
[White "carpedef"]
[Black "herbyeddy"]
[Result "1-0"]
[ICCResult "Black forfeits on time"]
[WhiteElo "1761"]
[BlackElo "1510"]
[Opening "Sicilian"]
[ECO "B50"]
[NIC "SI.01"]
[Time "14:38:57"]
[TimeControl "180+0"]

1. e4 c5 2. Nf3 d6 3. d3 e5 4. g3 Nc6 5. Bg2 Be6 6. c3 h6 7. O-O Qd7 8. Ne1
Bh3 9. f4 Bxg2 10. Kxg2 Nf6 11. Nf3 Be7 12. Be3 O-O 13. f5 d5 14. Qe2 dxe4
15. dxe4 Nxe4 16. g4 Ng5 17. Nbd2 f6 18. h4 Nxf3 19. Qxf3 Rad8 20. Ne4 b6
21. Rf2 Qb7 22. Kh2 Na5 23. Rg1 Rd3 24. b4 cxb4 25. cxb4 Nc6 26. a3 Qd7 27.
g5 hxg5 28. hxg5 fxg5 29. Nxg5 Bxg5 30. Rxg5 Nd4 31. Qe4 Nc2 32. f6 Rxe3 33.
Qc4+ Rf7 34. Rxg7+ Kf8 35. Qh4 Rxg7 36. fxg7+ Kxg7 37. Qg5+ Kh7 38. Qh5+ Kg7
39. Rg2+ Kf8 40. Qh8+ Ke7 41. Rg7+ Kd6 42. Rxd7+ Kxd7 43. Qg7+
{Black forfeits on time}
1-0